[Event "Titled Tuesday Blitz February 22 Late 2022"]
[White "Indjic, Aleksandar"]
[Black "Hakemi, Arman"]
[WhiteFideId "911925"]
[BlackFideId "22520805"]
[WhiteElo "2616"]
[BlackElo "2208"]
[Result "1-0"]
[Round "03"]
[TimeControl "180+1"]
[Date "2022.02.22"]
[WhiteClock "0:00:11"]
[BlackClock "0:00:07"]

1. e4 c5 2. Nc3 e6 3. Nge2 Nc6 4. g3 Nf6 5. Bg2 d5 6. exd5 exd5 7. d4 Bg4 8. h3 Bh5 9. g4 Bg6 10. O-O Be7 11. dxc5 Bxc5 12. Nf4 O-O 13. Nxg6 hxg6 14. Nxd5 Nxd5 15. Qxd5 Qb6 16. c3 Rfe8 17. b4 Bxf2+ 18. Rxf2 Re1+ 19. Bf1 Rd8 20. Qc5 Qxc5 21. bxc5 Rdd1 22. Bb2 Rxa1 23. Bxa1 Rxa1 24. Rb2 Ne5 25. Rxb7 Rxa2 26. Bg2 Rc2 27. Re7 f6 28. Rxa7 Rxc3 29. Rc7 Kh7 30. c6 Kh6 31. Kh2 Rc2 32. Kg3 Rc3+ 33. Kf4 Rc2 34. Be4 Rc3 35. h4 Rc5 36. Rc8 g5+ 37. hxg5+ fxg5+ 38. Ke3 g6 39. Kd4 Ra5 40. Rh8+ Kg7 41. c7 Nf7 42. c8=Q Ra4+ 43. Kd3 Ra3+ 44. Kc2 Nxh8 45. Qc5 Ra2+ 46. Kb3 Re2 47. Qe5+ Kh7 48. Bxg6+ Nxg6 49. Qxe2 Kh6 50. Qe6 Kg7 51. Qf5 Kh6 52. Qf6 Kh7 53. Qxg5 1-0


[Site "https://www.chess.com"]

[Event "Titled Tuesday Blitz February 22 Late 2022"]
[White "Jacobson, Aaron"]
[Black "Ibarra Jerez, Jose Carlos"]
[WhiteFideId "2089912"]
[BlackFideId "2226332"]
[WhiteElo "2265"]
[BlackElo "2626"]
[Result "1/2-1/2"]
[Round "03"]
[TimeControl "180+1"]
[Date "2022.02.22"]
[WhiteClock "0:00:15"]
[BlackClock "0:00:07"]

1. e4 c5 2. Nf3 Nc6 3. d4 cxd4 4. Nxd4 e5 5. Nb5 a6 6. Nd6+ Bxd6 7. Qxd6 Qe7 8. Qxe7+ Ngxe7 9. Nc3 d5 10. Nxd5 Nxd5 11. exd5 Nb4 12. Bd3 Nxd3+ 13. cxd3 Bf5 14. Be3 Bxd3 15. Rd1 e4 16. Rc1 O-O 17. Bb6 Rae8 18. Kd2 Re5 19. Rc5 f5 20. Bc7 Rc8 21. Rhc1 Re7 22. d6 Rf7 23. a4 h6 24. Bb6 Rxc5 25. Rxc5 Rd7 26. Bc7 g6 27. Re5 Kf7 28. f4 Bc4 29. Ke3 Be6 30. h3 Kf6 31. Rc5 g5 32. g3 Kg6 33. Re5 Kf6 34. Rc5 Bb3 35. a5 Be6 36. Re5 Rg7 37. Rc5 Bd7 38. Bd8+ Ke6 39. Be7 gxf4+ 40. Kxf4 Kf7 41. Rc7 Ke6 42. Rxb7 e3 43. Rb3 Rg8 44. Rxe3+ Kf7 45. Rc3 Rb8 46. Rc2 Rb4+ 47. Kf3 Rb3+ 48. Kf2 Rb5 49. Rc7 Ke6 50. Rc2 Rxa5 51. Re2+ Kf7 52. Rc2 Rb5 53. Rd2 Rb3 54. Kg2 a5 55. Kh2 a4 56. Re2 Bc6 57. Rf2 Ke6 58. Re2+ Be4 59. g4 Kd7 60. gxf5 Bxf5 61. Rf2 Rxh3+ 62. Kg2 Rh5 63. Rf4 Bc2 64. Rb4 Rd5 65. Rb7+ Ke6 66. Bf8 Be4+ 67. Kf2 Rd3 68. Ke2 Rh3 69. Re7+ Kf5 70. d7 Rd3 71. Rf7+ Ke6 72. Re7+ Kf5 73. Bxh6 Rd5 74. Be3 Bd3+ 75. Kf2 Bb5 76. Rf7+ Ke6 77. Rh7 Bxd7 78. Rh6+ Kf7 79. Ke2 Bf5 80. Bd2 Bd3+ 81. Ke1 Bb5 82. Bb4 Re5+ 83. Kd2 Re4 84. Ba3 Rc4 85. Rb6 Bd7 86. Kd3 Rg4 87. Ke3 Bf5 88. Kf3 Rc4 89. Ke3 Re4+ 90. Kf3 Rc4 91. Ra6 Be6 92. Ra7+ Kf6 93. Ke3 Kf5 94. Kd3 Rg4 95. Ra5+ Kg6 96. Ke3 Kf7 97. Kf3 Rc4 98. Ke3 Rh4 99. Kf2 Rg4 100. Kf3 Rc4 101. Ke3 Kf6 102. Ra6 Rg4 103. Kd2 Kf5 104. Ra5+ Kg6 105. Kc3 Rc4+ 106. Kd3 Rg4 107. Ke3 Kf7 108. Ra6 Rc4 109. Kd2 Rh4 110. Rd6 Bb3 111. Ke3 Rh3+ 112. Kf4 Rh4+ 113. Kf5 Rh1 114. Rd7+ Ke8 115. Ra7 Kd8 116. Ke5 Kc8 117. Kd6 Rd1+ 118. Kc5 Rc1+ 119. Kb6 Kd8 120. Rg7 Ke8 121. Re7+ Kd8 122. Re5 Rc4 123. Kb5 Kd7 124. Re3 Rg4 125. Rd3+ Ke6 126. Re3+ Kf5 127. Kc5 Kf4 1/2-1/2


[Site "https://www.chess.com"]

[Event "Titled Tuesday Blitz February 22 Late 2022"]
[White "Jaferian, Koosha"]
[Black "Toncheva, Nadya"]
[WhiteFideId "12507440"]
[BlackFideId "2924056"]
[WhiteElo "2027"]
[BlackElo "1920"]
[Result "1-0"]
[Round "03"]
[TimeControl "180+1"]
[Date "2022.02.23"]
[WhiteClock "0:00:29"]
[BlackClock "0:00:03"]

1. Nf3 Nf6 2. b3 g6 3. Bb2 Bg7 4. g3 O-O 5. Bg2 d6 6. d4 Nc6 7. O-O e5 8. dxe5 Ng4 9. c4 Ngxe5 10. Qd2 Re8 11. Nc3 Bg4 12. Rad1 Qc8 13. Nxe5 Nxe5 14. Nd5 Bh3 15. f4 Bxg2 16. Kxg2 Nd7 17. Bxg7 Kxg7 18. Qd4+ Kg8 19. e4 c6 20. Nc3 Nc5 21. Rfe1 h5 22. Qxd6 Ne6 23. Qd7 Qb8 24. e5 Nc5 25. Qd4 b6 26. b4 Ne6 27. Qd6 Qb7 28. Ne4 Red8 29. Nf6+ Kg7 30. Nd7 c5+ 31. Kg1 Qf3 32. Rd3 Qg4 33. Qe7 Qf5 34. Red1 Nd4 35. Qf6+ Qxf6 36. Nxf6 Kf8 37. bxc5 bxc5 38. Ne4 Ke7 39. Nxc5 Ne2+ 40. Kf2 Rxd3 41. Rxd3 Nc1 42. Rd7+ Ke8 43. Rc7 Nxa2 44. Ne4 Kf8 45. Nd6 Nb4 46. Rxf7+ Kg8 47. Rb7 Nc6 48. Rc7 a5 49. Rxc6 a4 50. Nb5 a3 51. Nxa3 Rxa3 52. Rxg6+ Kf7 53. Rg5 Ra2+ 54. Kf3 Rxh2 55. Ke4 Re2+ 56. Kf5 Rh2 57. e6+ Ke7 58. Rg7+ Ke8 59. Kf6 Kf8 60. e7+ Ke8 61. Rg8+ 1-0


[Site "https://www.chess.com"]

[Event "Titled Tuesday Blitz February 22 Late 2022"]
[White "Janaszak, Dawid"]
[Black "Escudero Donoso, Felipe"]
[WhiteFideId "1119206"]
[BlackFideId "3410595"]
[WhiteElo "2199"]
[BlackElo "2184"]
[Result "1-0"]
[Round "03"]
[TimeControl "180+1"]
[Date "2022.02.23"]
[WhiteClock "0:00:28"]
[BlackClock "0:00:01"]

1. e4 c5 2. Nc3 e6 3. Nge2 d5 4. d4 cxd4 5. Nxd4 Bb4 6. exd5 exd5 7. Bb5+ Bd7 8. O-O Ne7 9. Bg5 f6 10. Ne6 Qb6 11. Nxg7+ Kf7 12. Bxd7 Kxg7 13. Be3 Qc7 14. Qg4+ Ng6 15. Bf5 Bxc3 16. bxc3 Nc6 17. h4 Ne5 18. Qg3 Kf7 19. Rad1 Rad8 20. h5 Nf8 21. Bd4 Rg8 22. Qh3 Nfd7 23. Be6+ Ke7 24. Bxg8 Rxg8 25. Rfe1 Kf7 26. f4 Ng4 27. Rf1 f5 28. Qd3 Ndf6 29. Qxf5 Qe7 30. Rde1 Qd8 31. Qe6+ Kg7 32. Qxg4+ Kh8 33. Qe6 1-0


[Site "https://www.chess.com"]

[Event "Titled Tuesday Blitz February 22 Late 2022"]
[White "Jones, Gawain C B"]
[Black "Andreikin, Dmitry"]
[WhiteFideId "409561"]
[BlackFideId "4158814"]
[WhiteElo "2657"]
[BlackElo "2736"]
[Result "1-0"]
[Round "03"]
[TimeControl "180+1"]
[Date "2022.02.22"]
[WhiteClock "0:00:31"]
[BlackClock "0:00:01"]

1. Nf3 Nf6 2. g3 d5 3. Bg2 c5 4. c4 d4 5. b4 Qc7 6. b5 e5 7. d3 Bd6 8. O-O O-O 9. Bg5 Nbd7 10. Bxf6 Nxf6 11. Nbd2 h6 12. a4 Bf5 13. a5 Qe7 14. a6 b6 15. Nh4 Bh7 16. Bxa8 Rxa8 17. f3 Nd7 18. Ne4 Bc7 19. Ng2 f5 20. Nf2 Nf6 21. e4 dxe3 22. Nxe3 Rd8 23. Qe2 Qf7 24. Ng2 Qh5 25. Rae1 Qg5 26. f4 exf4 27. Nh3 Qg4 28. Nhxf4 Qxe2 29. Rxe2 Rd7 30. Ne3 Bxf4 31. gxf4 Rxd3 32. Rd1 Rxd1+ 33. Nxd1 Kf7 34. Nc3 g6 35. Nd5 Ne4 36. Nxb6 Bg8 37. Nc8 Kf6 38. b6 Bxc4 39. Rxe4 Bxa6 40. bxa7 1-0


[Site "https://www.chess.com"]

[Event "Titled Tuesday Blitz February 22 Late 2022"]
[White "Karas, Marek"]
[Black "Tanenbaum, Zachary"]
[WhiteFideId "14928558"]
[BlackFideId "2060850"]
[WhiteElo "2270"]
[BlackElo "2168"]
[Result "1-0"]
[Round "03"]
[TimeControl "180+1"]
[Date "2022.02.23"]
[WhiteClock "0:00:24"]
[BlackClock "0:00:04"]

1. c4 e5 2. Nc3 Nf6 3. Nf3 Nc6 4. e3 Bb4 5. Qc2 Bxc3 6. bxc3 O-O 7. e4 d6 8. d3 Nd7 9. g3 Nc5 10. Nh4 f5 11. exf5 Ne7 12. g4 Nd5 13. Ng2 Nf6 14. Ne3 d5 15. cxd5 Nxd5 16. Be2 Nf4 17. d4 exd4 18. cxd4 Nxe2 19. Qxe2 Qxd4 20. Qc4+ Qxc4 21. Nxc4 b6 22. Be3 Re8 23. O-O Ne4 24. Rfe1 Bb7 25. Rad1 Rad8 26. h3 c5 27. Nb2 h5 28. Rxd8 Rxd8 29. a4 hxg4 30. hxg4 Kf7 31. f3 Nd2 32. Bxd2 Rxd2 33. Nc4 Rd4 34. Ne5+ Kf6 35. Kf2 c4 36. Ng6 c3 37. Re6+ Kg5 38. Kg3 Rd3 39. Ne5 Rxf3+ 40. Nxf3+ Bxf3 41. Rg6# 1-0


[Site "https://www.chess.com"]

[Event "Titled Tuesday Blitz February 22 Late 2022"]
[White "Khanin, Semen"]
[Black "Suder, Jakub"]
[WhiteFideId "4111990"]
[BlackFideId "1195310"]
[WhiteElo "2442"]
[BlackElo "2058"]
[Result "1-0"]
[Round "03"]
[TimeControl "180+1"]
[Date "2022.02.23"]
[WhiteClock "0:00:19"]
[BlackClock "0:00:01"]

1. e4 c5 2. Nc3 Nc6 3. Bb5 Nf6 4. Bxc6 dxc6 5. d3 Bg4 6. f3 Bh5 7. Nge2 e5 8. O-O Be7 9. Qe1 O-O 10. f4 Nd7 11. Ng3 Bg4 12. f5 Bh4 13. Qe3 f6 14. Nce2 Bg5 15. Qf2 Bxe2 16. Qxe2 Bxc1 17. Raxc1 Nb6 18. Kh1 Qe8 19. Nh5 Qf7 20. Qg4 c4 21. Rf3 Kh8 22. Rh3 cxd3 23. cxd3 Nd7 24. Rf1 Rg8 25. Nf4 h6 26. Ng6+ Kh7 27. Qh5 Nf8 28. Rg3 Qxa2 29. Ne7 g6 30. fxg6+ Kg7 31. Nf5+ Kh8 32. Qxh6+ 1-0


[Site "https://www.chess.com"]

[Event "Titled Tuesday Blitz February 22 Late 2022"]
[White "Kirillov, Dmitry"]
[Black "Desideri, Ricardo Maruchi"]
[WhiteFideId "34180572"]
[BlackFideId "2110440"]
[WhiteElo "2076"]
[BlackElo "1945"]
[Result "1-0"]
[Round "03"]
[TimeControl "180+1"]
[Date "2022.02.23"]
[WhiteClock "0:00:18"]
[BlackClock "0:00:01"]

1. d4 Nf6 2. c4 c5 3. d5 e6 4. Nc3 exd5 5. cxd5 d6 6. e4 g6 7. f4 a6 8. Nf3 Bg7 9. e5 dxe5 10. fxe5 Ng4 11. Bf4 O-O 12. Qe2 Re8 13. O-O-O b5 14. Kb1 Bf5+ 15. Ka1 b4 16. Na4 Qa5 17. h3 Qxa4 18. hxg4 b3 19. a3 Bc2 20. Rc1 f6 21. Bh6 Bh8 22. e6 f5 23. Ne5 Qd4 24. Nc4 f4 25. d6 Nc6 26. d7 Na5 27. dxe8=Q+ Rxe8 28. Rxc2 bxc2 29. Qxc2 Nxc4 30. Bxc4 Re7 31. Bg5 Bf6 32. Bxf6 Qxf6 33. Qe4 Kg7 34. Rd1 g5 35. Rd7 Kf8 36. Qd5 Qd4 37. Rd8+ Kg7 38. Qxg5# 1-0


[Site "https://www.chess.com"]

[Event "Titled Tuesday Blitz February 22 Late 2022"]
[White "Klukin, Kirill"]
[Black "Jobava, Baadur"]
[WhiteFideId "24199273"]
[BlackFideId "13601520"]
[WhiteElo "2324"]
[BlackElo "2617"]
[Result "0-1"]
[Round "03"]
[TimeControl "180+1"]
[Date "2022.02.22"]
[WhiteClock "0:00:06"]
[BlackClock "0:01:13"]

1. c4 c6 2. Nf3 d5 3. e3 Nf6 4. b3 Bg4 5. Bb2 e6 6. Be2 Nbd7 7. d3 a5 8. a3 Bd6 9. Nbd2 O-O 10. h3 Bxf3 11. Nxf3 Qe7 12. O-O Rfc8 13. Qc2 h6 14. Rfc1 Qf8 15. e4 dxe4 16. dxe4 e5 17. Nh4 g6 18. Bg4 Rd8 19. Bxd7 Nxd7 20. Rd1 Qe7 21. g3 Nf8 22. Kg2 Ne6 23. Nf3 f6 24. Nh4 Kg7 25. Qe2 h5 26. Nf3 Bc5 27. Rxd8 Rxd8 28. Rd1 Re8 29. a4 Rd8 30. Bc3 Bb4 31. Rxd8 Qxd8 32. Bxb4 axb4 33. c5 Nxc5 34. Qc4 Na6 35. Qe6 Nc7 36. Qc4 Qd6 37. Ne1 Qd4 38. Qxd4 exd4 39. Nd3 Na6 40. f4 Kf7 41. Kf3 Ke6 42. g4 h4 43. f5+ gxf5 44. exf5+ Kd5 45. Nf4+ Kd6 46. Nd3 c5 47. Ke4 Nc7 48. Nb2 b5 49. axb5 Nxb5 50. Nc4+ Kc6 51. Na5+ Kd7 52. Kd5 Na3 53. Nb7 c4 54. bxc4 Nc2 55. Nc5+ Ke7 56. Ke4 Kd6 57. Nb3 Ne3 58. Kxd4 Nxg4 59. Nc5 Nf2 60. Nd3 Nxd3 0-1


[Site "https://www.chess.com"]

[Event "Titled Tuesday Blitz February 22 Late 2022"]
[White "Kobo, Ori"]
[Black "Oparin, Grigoriy"]
[WhiteFideId "2812320"]
[BlackFideId "24125890"]
[WhiteElo "2420"]
[BlackElo "2685"]
[Result "1/2-1/2"]
[Round "03"]
[TimeControl "180+1"]
[Date "2022.02.22"]
[WhiteClock "0:00:05"]
[BlackClock "0:00:38"]

1. c4 Nf6 2. Nc3 e6 3. d4 d5 4. cxd5 exd5 5. Bg5 c6 6. e3 Be7 7. Bd3 O-O 8. Qc2 Nbd7 9. Nge2 h6 10. Bh4 Re8 11. f3 a5 12. O-O Nf8 13. Kh1 b5 14. Rad1 Bd7 15. Bf2 Ne6 16. e4 b4 17. Na4 Nh5 18. e5 Nhf4 19. Nxf4 Nxf4 20. Bh7+ Kh8 21. Bf5 Ne6 22. Be3 Rc8 23. f4 Bf8 24. Bd3 c5 25. Nxc5 Bxc5 26. dxc5 d4 27. Bg1 Nxc5 28. Qe2 Nxd3 29. Qxd3 Bg4 30. Rd2 Qd5 31. b3 Red8 32. Bxd4 Rd7 33. h3 Rc3 34. Bxc3 Qxd3 35. Rxd3 Rxd3 36. Bxb4 Bxh3 37. Bxa5 Bf5 38. Rf2 h5 39. b4 Kh7 40. b5 Rd5 41. Rb2 Be4 42. Bc7 Rd4 43. b6 Bb7 44. e6 fxe6 45. Kh2 g5 46. fxg5 Kg6 47. Re2 Kxg5 48. Rxe6 Rd2 49. Re5+ Kf6 50. Rxh5 Rxg2+ 51. Kh3 Rxa2 52. Rh6+ Kg5 53. Rh8 Rb2 54. Rg8+ Kf5 55. Rb8 Bc6 56. Kg3 Rb3+ 57. Kf2 Ke4 58. Rd8 Rb2+ 59. Kg3 Kf5 60. Rd6 Bb7 61. Rd8 Bc6 62. Rd6 Bb7 63. Rd4 Rg2+ 64. Kh3 Rf2 65. Rd8 Rf3+ 66. Kh2 Rf2+ 67. Kh3 Rf3+ 68. Kh2 Rf2+ 69. Kh3 1/2-1/2


[Site "https://www.chess.com"]

[Event "Titled Tuesday Blitz February 22 Late 2022"]
[White "Kosakowski, Jakub"]
[Black "Tang, Andrew"]
[WhiteFideId "1185080"]
[BlackFideId "2059630"]
[WhiteElo "2476"]
[BlackElo "2584"]
[Result "0-1"]
[Round "03"]
[TimeControl "180+1"]
[Date "2022.02.22"]
[WhiteClock "0:00:07"]
[BlackClock "0:00:06"]

1. d4 d5 2. Nf3 Nf6 3. c4 e6 4. Nc3 Be7 5. Bf4 O-O 6. e3 b6 7. Rc1 c5 8. cxd5 Nxd5 9. Nxd5 exd5 10. Bd3 c4 11. Bb1 Bb4+ 12. Nd2 Nc6 13. O-O b5 14. Nf3 Bg4 15. b3 Ba3 16. Rc2 Nb4 17. Rc3 Bb2 18. Bxh7+ Kh8 19. Rc2 Ba3 20. Rc3 Nxa2 21. Rc2 Nb4 22. bxc4 Nxc2 23. Bxc2 bxc4 24. h3 Bh5 25. g4 Bg6 26. Ne5 Bxc2 27. Qxc2 Bd6 28. Qf5 Bxe5 29. Bxe5 Kg8 30. g5 Qc8 31. Qf3 Qe6 32. h4 a5 33. h5 a4 34. h6 gxh6 35. gxh6 Kh7 36. Rb1 a3 37. Qg3 Rg8 38. Bg7 a2 39. Ra1 Qg6 40. Qxg6+ fxg6 41. Kf1 Rgb8 0-1


[Site "https://www.chess.com"]

[Event "Titled Tuesday Blitz February 22 Late 2022"]
[White "Kujawski, Adam"]
[Black "Domingo Nunez, Alejandro"]
[WhiteFideId "1100920"]
[BlackFideId "22245561"]
[WhiteElo "2053"]
[BlackElo "2215"]
[Result "0-1"]
[Round "03"]
[TimeControl "180+1"]
[Date "2022.02.23"]
[WhiteClock "0:00:01"]
[BlackClock "0:01:25"]

1. e4 e6 2. d4 c5 3. d5 exd5 4. exd5 d6 5. Nc3 Nf6 6. h3 g6 7. Nf3 Bg7 8. Be2 O-O 9. O-O a6 10. a4 Re8 11. Bf4 Ne4 12. Nxe4 Rxe4 13. Bc1 Nd7 14. c3 Rb8 15. Nd2 Re8 16. Nc4 Ne5 17. Na3 Bd7 18. f4 Qh4 19. fxe5 Bxe5 20. Nc4 Bxh3 21. Nxe5 Rxe5 22. Bf4 Re4 23. g3 Qe7 24. Bf3 Rxf4 25. gxf4 Bxf1 26. Qxf1 Qe3+ 27. Qf2 Qxf4 28. Rf1 Re8 29. Bg2 Qxf2+ 30. Kxf2 Kg7 31. b4 cxb4 32. cxb4 Rc8 33. b5 Rc2+ 34. Kg3 axb5 35. axb5 Rb2 36. Rc1 Rb3+ 37. Kf4 f5 38. Rc7+ Kf6 0-1


[Site "https://www.chess.com"]

[Event "Titled Tuesday Blitz February 22 Late 2022"]
[White "Kukhmazov, Arsen"]
[Black "Rasulov, Vugar"]
[WhiteFideId "24108260"]
[BlackFideId "13402390"]
[WhiteElo "2487"]
[BlackElo "2560"]
[Result "1-0"]
[Round "03"]
[TimeControl "180+1"]
[Date "2022.02.22"]
[WhiteClock "0:00:06"]
[BlackClock "0:00:08"]

1. d4 Nf6 2. c4 g6 3. h4 c5 4. d5 b5 5. Qc2 bxc4 6. e4 d6 7. Bxc4 Bg7 8. Nc3 h5 9. Nf3 O-O 10. O-O Nbd7 11. Bf4 Nb6 12. Be2 a5 13. a4 Ba6 14. Bxa6 Rxa6 15. Nd2 Ng4 16. Nb5 Ra8 17. f3 Ne5 18. b3 e6 19. Bg5 Bf6 20. dxe6 fxe6 21. Bxf6 Qxf6 22. Nxd6 Rad8 23. N2c4 Nbxc4 24. Nxc4 Nc6 25. e5 Qf5 26. Qxf5 Rxf5 27. Rae1 Rd3 28. Re3 Rxe3 29. Nxe3 Rxe5 30. Nc4 Re2 31. Rf2 Re1+ 32. Rf1 Re2 33. Rd1 Nd4 34. Nxa5 Rb2 35. Rd3 Kf7 36. Re3 Kf6 37. Kh2 Kf5 38. Kh3 Ne2 39. Nc4 Nf4+ 40. Kh2 Rxg2+ 41. Kh1 Ra2 42. a5 Nd5 43. Re5+ Kf6 44. Rg5 Ra1+ 45. Kg2 Rb1 46. Ne5 Ne3+ 47. Kf2 Nf5 48. Nxg6 Rb2+ 49. Ke1 Rxb3 50. Nf4 Rxf3 51. Nxh5+ Ke5 52. Ng7 Ra3 53. h5 Rxa5 54. h6 Ra1+ 55. Kd2 Rh1 56. Nh5 Rh2+ 57. Ke1 Ke4 58. h7 Ke3 59. Kd1 Kd3 60. Ke1 Ke3 61. Kf1 Kf3 62. Kg1 Rd2 63. h8=Q c4 64. Qe5 Rd1+ 65. Kh2 Rd5 66. Qf4+ Ke2 67. Rg2+ Kd3 68. Rd2+ Kc3 69. Rxd5 exd5 70. Qxf5 d4 71. Nf4 d3 72. Qe5+ Kc2 73. Nd5 d2 74. Qc3+ Kb1 75. Ne3 1-0


[Site "https://www.chess.com"]

[Event "Titled Tuesday Blitz February 22 Late 2022"]
[White "Liang, Jason"]
[Black "Buchenau, Frank"]
[WhiteFideId "30940303"]
[BlackFideId "4604350"]
[WhiteElo "1976"]
[BlackElo "2193"]
[Result "0-1"]
[Round "03"]
[TimeControl "180+1"]
[Date "2022.02.23"]
[WhiteClock "0:01:36"]
[BlackClock "0:02:10"]

1. c3 e5 2. d3 d5 3. d4 exd4 4. cxd4 Bd6 5. Nc3 c6 6. Nf3 Bf5 7. g3 Nf6 8. Bf4 O-O 9. Bg2 Re8 10. O-O Bxf4 11. gxf4 Ne4 12. e3 Nxc3 13. bxc3 Nd7 14. a4 Nb6 15. Nd2 Qh4 16. a5 Nd7 17. Qf3 Nf6 18. Qg3 Qh5 19. Rfc1 Ne4 20. Nxe4 Bxe4 21. c4 Bxg2 22. Kxg2 Re6 23. f5 Qxf5 24. Qc7 Rg6+ 25. Kf1 Qd3+ 26. Ke1 Rg1# 0-1


[Site "https://www.chess.com"]

[Event "Titled Tuesday Blitz February 22 Late 2022"]
[White "Lin, Dachey"]
[Black "Gupta, Abhijeet"]
[WhiteFideId "2029650"]
[BlackFideId "5010608"]
[WhiteElo "2731"]
[BlackElo "2549"]
[Result "0-1"]
[Round "03"]
[TimeControl "180+1"]
[Date "2022.02.22"]
[WhiteClock "0:00:35"]
[BlackClock "0:01:24"]

1. Nc3 c5 2. e4 d6 3. f4 Nc6 4. Nf3 g6 5. Bc4 Bg7 6. d3 e6 7. O-O Nge7 8. Bb3 O-O 9. Be3 b6 10. Qe1 Bb7 11. Qh4 d5 12. f5 gxf5 13. exd5 Nxd5 14. Qxd8 Raxd8 15. Nxd5 exd5 16. c3 d4 17. Bg5 dxc3 18. Bxd8 cxb2 19. Rab1 Re8 20. Bh4 Nd4 21. Nxd4 Bxd4+ 22. Bf2 Re2 23. Bxd4 Rxg2+ 24. Kh1 Rg4+ 0-1


[Site "https://www.chess.com"]

[Event "Titled Tuesday Blitz February 22 Late 2022"]
[White "Loay, Sameer"]
[Black "Yang, Kaiqi"]
[WhiteFideId "8104239"]
[BlackFideId "8604398"]
[WhiteElo "2040"]
[BlackElo "2373"]
[Result "0-1"]
[Round "03"]
[TimeControl "180+1"]
[Date "2022.02.23"]
[WhiteClock "0:00:29"]
[BlackClock "0:00:16"]

1. Nf3 Nf6 2. g3 g6 3. Bg2 Bg7 4. O-O O-O 5. d3 d5 6. c3 c5 7. Qa4 Nc6 8. Qh4 e5 9. Bg5 Qd6 10. Na3 a6 11. e4 Re8 12. Rfe1 b5 13. exd5 Nxd5 14. d4 Bb7 15. dxe5 Nxe5 16. Nxe5 Rxe5 17. Rxe5 Qxe5 18. Nc2 Re8 19. Re1 Qb8 20. Rd1 Nb6 21. Bf4 Qc8 22. Bxb7 Qxb7 23. Rd8 Qe4 24. Ne3 Na4 25. Rxe8+ Qxe8 26. Qg5 Nxb2 27. Qxc5 Nd3 28. Qd6 Nxf4 29. gxf4 Bxc3 30. f5 Qe5 31. Qxa6 Kg7 32. fxg6 hxg6 33. Qc6 Bd4 34. Ng4 Qf4 35. Qg2 b4 36. h3 Qc1+ 37. Kh2 Qc7+ 38. Qg3 Qc4 39. Qf4 Qd5 40. h4 Bc3 41. Qh6+ Kg8 42. Qf4 Qxa2 43. Nh6+ Kg7 44. Ng4 Qe6 45. h5 gxh5 46. Qg5+ Qg6 47. Qxg6+ Kxg6 48. Ne3 b3 49. Nd1 b2 50. Nxb2 Bxb2 51. Kg3 Bd4 52. f3 Kg5 53. Kh3 f5 54. f4+ Kxf4 55. Kh4 Ke4 56. Kxh5 f4 57. Kg4 f3 58. Kg3 Ke3 59. Kh2 f2 60. Kg2 Ke2 61. Kg3 f1=Q 62. Kg4 Qf2 63. Kg5 Qf3 64. Kg6 Qf4 65. Kh7 Qg3 66. Kh6 Be3+ 67. Kh7 Kf3 68. Kh8 Kf4 69. Kh7 Kf5 70. Kh8 Bd4+ 0-1


[Site "https://www.chess.com"]

[Event "Titled Tuesday Blitz February 22 Late 2022"]
[White "Lock, Gavin R"]
[Black "Sanchez Alvares, Kelvin Antonio"]
[WhiteFideId "408646"]
[BlackFideId "3906680"]
[WhiteElo "2104"]
[BlackElo "2193"]
[Result "1-0"]
[Round "03"]
[TimeControl "180+1"]
[Date "2022.02.23"]
[WhiteClock "0:00:06"]
[BlackClock "0:00:23"]

1. d4 Nf6 2. Nf3 c5 3. d5 d6 4. Nc3 g6 5. e4 Bg7 6. Bb5+ Nfd7 7. a4 O-O 8. O-O Ne5 9. Nd2 a6 10. Be2 Ned7 11. Nc4 Nb6 12. Ne3 N6d7 13. Nc4 b6 14. Bg5 h6 15. Bf4 Ne5 16. Nxe5 dxe5 17. Be3 Nd7 18. Bc4 Kh7 19. Qd3 Nf6 20. f3 Nh5 21. Rfb1 a5 22. Nb5 Nf4 23. Qd2 Nh5 24. c3 Bd7 25. b4 cxb4 26. cxb4 axb4 27. Qxb4 f5 28. Bf1 fxe4 29. fxe4 e6 30. d6 Bf6 31. Nc7 Rb8 32. Bxb6 Bg5 33. a5 Be3+ 34. Bxe3 Rxb4 35. Rxb4 Nf6 36. Be2 Bc6 37. Nxe6 Qxd6 38. Nxf8+ Qxf8 39. Rb6 Bxe4 40. a6 Nd5 41. Rb7+ Kh8 42. a7 Nc7 43. Rb8 Kg8 44. Rxf8+ Kxf8 45. Bf3 1-0


[Site "https://www.chess.com"]

[Event "Titled Tuesday Blitz February 22 Late 2022"]
[White "Lodici, Lorenzo"]
[Black "Hasangatin, Ramil"]
[WhiteFideId "884189"]
[BlackFideId "4122160"]
[WhiteElo "2265"]
[BlackElo "2375"]
[Result "1-0"]
[Round "03"]
[TimeControl "180+1"]
[Date "2022.02.22"]
[WhiteClock "0:01:29"]
[BlackClock "0:00:57"]

1. c4 Nf6 2. e3 d6 3. Be2 e5 4. g4 c6 5. g5 Nfd7 6. h4 d5 7. d4 exd4 8. Qxd4 Qb6 9. Qf4 Bb4+ 10. Nc3 Bxc3+ 11. bxc3 Qa5 12. Bd2 dxc4 13. Nf3 O-O 14. h5 f5 15. Bxc4+ Kh8 16. h6 g6 17. Qd4+ 1-0


[Site "https://www.chess.com"]

[Event "Titled Tuesday Blitz February 22 Late 2022"]
[White "Lopez Del Alamo, Antonio"]
[Black "Levine, Joseph"]
[WhiteFideId "2227339"]
[BlackFideId "30940346"]
[WhiteElo "2082"]
[BlackElo "1802"]
[Result "1-0"]
[Round "03"]
[TimeControl "180+1"]
[Date "2022.02.23"]
[WhiteClock "0:00:21"]
[BlackClock "0:00:02"]

1. e4 e5 2. Bc4 Nf6 3. d3 Nc6 4. Nc3 Bc5 5. f4 d6 6. Nf3 Ng4 7. Ng5 O-O 8. f5 Nf6 9. a3 h6 10. Nf3 Ng4 11. Qe2 Bf2+ 12. Kf1 Bb6 13. h3 Nf6 14. g4 Nd4 15. Qg2 Nxf3 16. Qxf3 Nh7 17. h4 Kh8 18. g5 c6 19. gxh6 Qf6 20. Bg5 Nxg5 21. hxg5 Qxg5 22. Ke2 gxh6 23. Rh5 Qf4 24. Qxf4 exf4 25. Rxh6+ Kg7 26. Rah1 Rg8 27. Rh7+ Kf8 28. Rxf7+ Ke8 29. Rhh7 Rg2+ 30. Kf3 Rf2+ 31. Kg4 Rg2+ 32. Kxf4 d5 33. exd5 Bxf5 34. Kxf5 cxd5 35. Bb5+ Kd8 36. Rh8+ Rg8 37. Rxg8# 1-0


[Site "https://www.chess.com"]

[Event "Titled Tuesday Blitz February 22 Late 2022"]
[White "Maksimovic, Bojan"]
[Black "Lewicki, Miroslaw"]
[WhiteFideId "14408120"]
[BlackFideId "1113380"]
[WhiteElo "2450"]
[BlackElo "2283"]
[Result "1-0"]
[Round "03"]
[TimeControl "180+1"]
[Date "2022.02.23"]
[WhiteClock "0:01:24"]
[BlackClock "0:00:06"]

1. a3 a6 2. d4 b5 3. e4 Bb7 4. Bd3 Nf6 5. Nd2 e6 6. Ngf3 c5 7. c3 Be7 8. O-O O-O 9. Qe2 Nc6 10. h3 Re8 11. Rd1 d5 12. e5 Nd7 13. Nf1 Nf8 14. Ng3 c4 15. Bc2 a5 16. Nh5 b4 17. Qd2 Ng6 18. g3 b3 19. Bb1 a4 20. Nxg7 Kxg7 21. Qh6+ Kg8 22. Ng5 Bxg5 23. Bxg5 Re7 24. Bf6 Qf8 25. Qg5 h6 26. Qg4 Kh7 27. h4 Qg8 28. h5 Rd7 29. Kg2 Ne7 30. Rh1 Nf5 31. Bxf5 exf5 32. Qxf5 Bc8 33. hxg6+ Qxg6 34. Rxh6+ Kxh6 35. Rh1+ Qh5 36. Qxh5# 1-0


[Site "https://www.chess.com"]

[Event "Titled Tuesday Blitz February 22 Late 2022"]
[White "Martin Barcelo, Carles"]
[Black "Rustemov, Alexander"]
[WhiteFideId "24561444"]
[BlackFideId "4119002"]
[WhiteElo "1875"]
[BlackElo "2693"]
[Result "0-1"]
[Round "03"]
[TimeControl "180+1"]
[Date "2022.02.23"]
[WhiteClock "0:00:03"]
[BlackClock "0:00:17"]

1. e4 e6 2. d4 d5 3. Bd3 dxe4 4. Bxe4 Nf6 5. Bf3 c5 6. Ne2 Nc6 7. Be3 cxd4 8. Nxd4 Ne5 9. Nc3 Be7 10. Qe2 O-O 11. O-O-O Nxf3 12. Qxf3 Bd7 13. Rhe1 Qa5 14. Nb3 Qc7 15. Bf4 Qc4 16. Rd4 Qc6 17. Qxc6 Bxc6 18. f3 Rfd8 19. Rxd8+ Bxd8 20. Nd4 Be8 21. Ndb5 Bd7 22. Bc7 Be7 23. Bd6 Bd8 24. Bc7 a6 25. Bxd8 Rxd8 26. Nd6 Bc6 27. Nc4 b5 28. Na5 Be8 29. Rd1 Rxd1+ 30. Kxd1 Kf8 31. Kd2 Ke7 32. Kd3 e5 33. a4 bxa4 34. Nc4 Ke6 35. Nb6 a3 36. bxa3 Bc6 37. Nba4 Kd6 38. Nb2 Nd7 39. Nc4+ Ke6 40. Nd2 f5 41. Nb3 Kd6 42. Ke3 g5 43. Ne2 f4+ 44. Kd3 e4+ 45. fxe4 Ne5+ 46. Kd4 f3 47. gxf3 Nxf3+ 48. Ke3 Nxh2 49. Ned4 Ng4+ 50. Kf3 Ne5+ 51. Ke3 Nc4+ 52. Kd3 Nxa3 53. c4 Bd7 54. c5+ Ke5 55. c6 Bc8 56. Nc5 Nb5 57. Ndb3 Kd6 58. c7 Kxc7 59. Ke3 Kd6 60. Kf3 a5 61. Nd3 a4 62. Nd4 Nxd4+ 63. Ke3 Nc6 0-1


[Site "https://www.chess.com"]